 Dungeon Crawl Stone Soup version 0.24-a0-486-ged8816983f (webtiles) character file.

Game seed: 17787698982918952639

112 gruber the Cutter (level 4, -3/23 HPs)
             Began as a Vine Stalker Fighter on July 9, 2019.
             Engulfed by Ijyb's freezing vapour (8 damage)
             ... on level 2 of the Dungeon.
             The game lasted 00:02:16 (1498 turns).

gruber the Cutter (Vine Stalker Fighter)            Turns: 1498, Time: 00:02:17

Health: -3/23      AC:  8    Str: 19    XL:     4   Next: 95%
Magic:  0/5        EV:  7    Int:  8    God:
Gold:   108        SH:  0    Dex: 14    Spells: 3/3 levels left

rFire    + . .     SeeInvis .   a - +0 rapier
rCold    . . .     Gourm    .   c - +0 shield
rNeg     . . .     Faith    .   b - +0 scale mail
rPois    .         Spirit   +   j - +0 helmet
rElec    .         Reflect  .   (no cloak)
rCorr    .         Harm     .   h - +0 pair of gloves
MR       .....                  (no boots)
Stlth    ..........             (no amulet)
HPRegen  0.47/turn              n - ring of protection from fire
MPRegen  0.09/turn              r - ring of stealth

@: confused, lethally poisoned (-3 -> -3)
A: fangs 2, regeneration 1, magic shield, antimagic bite, no potion heal 3, rot
immunity
a: no special abilities


You were on level 2 of the Dungeon.
You were not hungry.

You visited 1 branch of the dungeon, and saw 3 of its levels.

You collected 108 gold pieces.

Inventory:

Hand Weapons
 a - a +0 rapier (weapon)
Armour
 b - a +0 scale mail (worn)
 c - a +0 shield (worn)
 h - a +0 pair of gloves (worn)
 j - a +0 helmet (worn)
Jewellery
 n - a ring of protection from fire (left hand)
 r - a ring of stealth (right hand)
Scrolls
 g - 3 scrolls of identify {unknown}
 i - a scroll of teleportation {unknown}
 k - a scroll of enchant armour {unknown}
 m - 2 scrolls of random uselessness {unknown}
 o - 3 scrolls of amnesia {unknown}
 p - a scroll of fear {unknown}
 s - a scroll of remove curse {unknown}
Potions
 d - a potion of might
 e - a potion of haste {unknown}
 l - a potion of brilliance {unknown}
 q - a potion of curing {unknown}
Comestibles
 f - 2 rations


   Skills:
 - Level 2.6 Fighting
 + Level 4.5 Short Blades
 - Level 2.4 Armour
 - Level 2.6 Shields


You had 3 spell levels left.
You didn't know any spells.
Your spell library was empty.

Dungeon Overview and Level Annotations

Branches:
Dungeon (3/15)

Altars:

Annotations:
D:2 Ijyb
D:3 Sigmund


Innate Abilities, Weirdness & Mutations

You have extremely sharp teeth.
Your natural rate of healing is unusually fast.
When hurt, damage is shared between your health and your magic reserves.
Your bite disrupts and absorbs the magic of your enemies.
Potions cannot restore your health.
You are immune to rotting.


Message History

Ijyb screams, "I no like you!"
You bump into the rock wall.
You are engulfed in noxious fumes.
You choke on the stench!
You are more confused.
Ijyb zaps a wand.
Ijyb creates a blast of freezing vapour!
You're too confused to move!
Ijyb hits you with a +0 club.
You are engulfed in noxious fumes.
You feel sick. Ijyb barely misses you.
You bump into the rock wall.
You are engulfed in noxious fumes.
You choke on the stench!
You are more confused.
* * * LOW HITPOINT WARNING * * *
Ijyb hits you but does no damage.
Ijyb zaps a wand.
Ijyb creates a blast of freezing vapour!
The now-empty wand crumbles to dust.
You closely miss Ijyb.
Ijyb is heavily wounded.
You are engulfed in freezing vapours.
You die...

######### ##### #.......# ##...##
#.#####.#######..#..#
#........>......###.#
##.###.#.#.##.##..#..#
##.#.##.#.#.#°..#.....#
##.###.#.#.#..§g.......######
#.## ##....#.#@§.#..........#
##.###.#####.##§##.....####.#
###.#.######.##§##.....# #.#
#............##§######## #.#
#.##.##.#######'## ###.###
###.##.##.# ##...## #.....#
.##.#...#.# ##.....## #.#.#.#
.##.#...#.# ##.).....## ##.#.#.#
>##.#.....###.........####..).#.#


You could see Ijyb.

Vanquished Creatures
  4 adders (D:2)
  An ooze (D:1)
  2 dart slugs
  2 worms (D:2)
  5 leopard geckos
  4 giant cockroaches
  7 goblins
  3 hobgoblins
  12 bats
  7 frilled lizards
  5 kobolds
  7 rats
59 creatures vanquished.

Notes
Turn   | Place    | Note
-------+----------+-------------------------------------------
     0 | D:1      | gruber the Vine Stalker Fighter began the quest for the
                  | Orb.
     0 | D:1      | Reached XP level 1. HP: 11/11 MP: 2/2
    26 | D:1      | Reached skill level 2 in Short Blades
    48 | D:1      | Reached XP level 2. HP: 9/16 MP: 1/3
   359 | D:1      | Reached skill level 3 in Short Blades
   417 | D:1      | Reached XP level 3. HP: 18/19 MP: 4/4
   770 | D:2      | Gained mutation: Your natural rate of healing is unusually
                  | fast. [Vine Stalker growth]
   770 | D:2      | Reached XP level 4. HP: 17/23 MP: 5/5
   900 | D:2      | Reached skill level 4 in Short Blades
  1470 | D:3      | Noticed Ijyb
  1471 | D:3      | Noticed Sigmund
  1498 | D:2      | Engulfed by Ijyb's freezing vapour

Levels and vault maps discovered:
D:1:      shiori_arrival_maze, layout_basic, chequers_serial_rivers_micro_e,
          minmay_lizard_pond
D:2:      layout_loops_corners, minmay_misc_feat_iff
D:3:      layout_rooms, chequers_serial_rivers_large_a, uniq_ijyb,
          uniq_crazy_yiuf_cottage, uniq_sigmund

Skill      XL: |  1  2  3  4 |
---------------+-------------+-----
Short Blades   | 2 3 4 |  4.5
Fighting       | |  2.6
Armour         | |  2.4
Shields        | |  2.6

Action                   |  1- 3 |  4- 6 || total
-------------------------+-------+-------++-------
Melee: Rapier            |   122 |    62 ||   184
       Bite              |    33 |    13 ||    46
  Eat: Chunk             |       |     2 ||     2
Armor: Scale mail        |    90 |    22 ||   112
Dodge: Dodged            |    46 |    16 ||    62
Block: Shield            |    75 |    30 ||   105

Table legend:
 A = Non-vault XP
 B = Vault XP
 C = Vault XP percentage of total XP
 D = Non-vault monster count
 E = Vault monster count
 F = Vault count percentage of total count
                 A         B        C        D         E       F
            +---------+---------+-------+---------+---------+-------
      Total |     148 |      13 |   8.1 |      52 |       7 |  11.9
            +---------+---------+-------+---------+---------+-------
        D:1 |      43 |      13 |  23.2 |      23 |       7 |  23.3
        D:2 |     103 |       0 |   0.0 |      28 |       0 |   0.0
        D:3 |       2 |       0 |   0.0 |       1 |       0 |   0.0
            +---------+---------+-------+---------+---------+-------
